 Dungeon Crawl Stone Soup version 0.29-a0-284-gf9362112df (webtiles) character file.

Game seed: 7216108230689541303

112 spiderkeys the Ducker (level 4, -1/24 HPs)
             Began as a Spriggan Abyssal Knight on Mar 15, 2022.
             Was a Priest of Lugonu.
             Slain by Robin
             ... wielding a +5 vorpal trident
              (8 damage)
             ... on level 2 of the Dungeon.
             The game lasted 00:04:25 (2969 turns).

spiderkeys the Ducker (Spriggan Abyssal Knight)     Turns: 2969, Time: 00:04:26

Health: -1/24      AC:  2    Str:  9    XL:     4   Next: 63%
Magic:  6/6        EV: 17    Int: 13    God:    Lugonu [***...]
Gold:   107        SH:  7    Dex: 15    Spells: 3/3 levels left

rFire   . . .      SeeInvis +   o - +2 dagger (speed)
rCold   . . .      Faith    .   c - +2 buckler
rNeg    . . .      Spirit   .   d - +0 robe
rPois   +          Reflect  .   (helmet restricted)
rElec   .          Harm     .   (no cloak)
rCorr   .          Rampage  .   (gloves unavailable)
Will    .....                   (boots unavailable)
Stlth   ++........              (no amulet)
HPRegen 0.08/turn               P - ring of poison resistance
MPRegen 0.10/turn               (no ring)

@: very quick
A: very small, no large weapons, unfitting armour, see invisible, speed 3
a: Renounce Religion, Depart the Abyss, Bend Space, Banish


You were on level 2 of the Dungeon.
You worshipped Lugonu.
Lugonu was most pleased with you.
You visited 1 branch of the dungeon, and saw 3 of its levels.
You visited the Abyss 1 time.

You collected 107 gold pieces.


Innate Abilities, Weirdness & Mutations

You are very small and have problems with some larger weapons.
You are too small for most types of armour.
You have supernaturally acute eyesight. (SInv)
You cover ground extremely quickly. (Speed+++)


   Skills:
 + Level 3.0 Fighting
 + Level 3.2 Short Blades
 + Level 4.4 Dodging
 + Level 3.4 Stealth
 - Level 1.7 Invocations


You had 3 spell levels left.
You didn't know any spells.
Your spell library contained the following spells:

 Spells                   Type           Power      Damage    Failure   Level
 Iskenderun's Battlesphe  Conj           0%         2d6       100%        5
 Iron Shot                Conj/Erth      0%         9d1       100%        6
 Spellforged Servitor     Conj/Summ      0%         N/A       100%        7

Inventory:

Hand Weapons
 a - a +1 short sword
 b - a +0 hand crossbow
   (You found it on level 2 of the Dungeon)
 o - a +2 dagger of speed (weapon)
   (You took it off Jessica on level 2 of the Dungeon)
Missiles
 f - 91 stones
 j - 2 throwing nets {=f!f}
 l - 3 poisoned darts
Armour
 c - a +2 buckler (worn)
   (You found it on level 1 of the Dungeon)
 d - a +0 robe (worn)
 g - a +0 robe
   (You found it on level 1 of the Dungeon)
 m - a +0 robe
   (You took it off Jessica on level 2 of the Dungeon)
Magical Staves
 h - a staff of air {!a}
   (You found it on level 1 of the Dungeon)
Jewellery
 P - a ring of poison resistance (left hand)
   (You found it on level 2 of the Dungeon)
Scrolls
 k - a scroll of identify {unknown}
 p - a scroll of acquirement {unknown}
Potions
 e - a potion of heal wounds {@q2}
 i - a potion of lignification {unknown}
 n - a potion of berserk rage {unknown}

Dungeon Overview and Level Annotations

Branches:
Dungeon (3/15)

Altars:

Annotations:
D:2 Robin

#.))..).รท...##.# #.##......
#.########..##.#########.##..####
#.# #.......#.)..รท......# #.#
#...###)#.#####.##.## #.#
#...###.).# #.##.#
#.########.....#.### #.##.#
..............(..#######.##.###
.............#...........##...#
...#######.###.#@.###########.#
..## #.....##g####.###.##.# .##
########...#.#_#.#...# .#
####.###.###### .# ### ####.# .#
##.## #.# .# ##.#.#####.# .#
####.###......## .#
#.....#........#


You could see Robin (poisoned).


Message History

You kill the quokka!
Lugonu accepts your kill.
No target in view!
No target in view!
An adder comes into view.
An adder is nearby!
An adder is nearby!
An adder is nearby!
You barely miss the adder. You hit the adder. You block the adder's attack.
You hit the adder. The adder bites you. ๐Ÿ˜• HP[-1]
You take 1 damage, and now have 23/24 hp.
You hit the adder. The adder closely misses you.
You hit the adder. You block the adder's attack.
You closely miss the adder. The adder misses you.
You closely miss the adder. The adder barely misses you.
You hit the adder.
You kill the adder!
Lugonu accepts your kill.
No target in view!
No target in view!
Key pressed, stopping explore.
Found an escape hatch in the ceiling. ๐Ÿ˜Ž HP[+1]
Your hp is fully restored (24).
An adder comes into view.
The helpless adder fails to defend itself.
You impale the adder!!
You kill the adder!
Lugonu accepts your kill.
No target in view!
No target in view!
You open the door.
There is an open door here.
p - a scroll labelled HOSSOO AWASME
Found a stone staircase leading down.
You now have 107 gold pieces (gained 13). 2 gnolls come into view.
The gnoll shouts!
A gnoll comes into view. It is wielding a +0 spear.
The gnoll shouts!
A gnoll comes into view. It is wielding a +0 whip.
You hit the gnoll. You hit the gnoll. The gnoll hits you with a +0 flail!
Ouch! That really hurt!
* * * LOW HITPOINT WARNING * * *
๐Ÿ˜จ HP[-12]
You take 12 damage, and now have 12/24 hp.
MASSIVE DAMAGE!! (PAUSE)
You block the gnoll's attack. ๐Ÿ˜ฎ HP[+1]
There is a stone staircase leading up here.
There is a stone staircase leading up here.
You climb upwards.
Level annotation: Robin
There is a stone staircase leading down here.
Done exploring. ๐Ÿ˜Ž HP[+11]
Your hp is fully restored (24).
Done exploring.
Done exploring.
You see here a +0 rapier.
You catch the helpless hobgoblin completely off-guard!
You puncture the hobgoblin!
You kill the hobgoblin!
Lugonu accepts your kill.
Throw: 6 darts (poison)
Press: ? - help, Shift-Dir - straight line, f - Robin
Aim: Robin, wielding a +5 vorpal trident, wearing a +0 animal skin and wearing a +0 helmet (wandering, hasn't noticed you, 67% to hit)
You throw a poisoned dart. The poisoned dart hits Robin.
Robin is poisoned.
Robin closely misses you. Robin barely misses you.
Throw: 5 darts (poison)
Press: ? - help, Shift-Dir - straight line, f/p - Robin
Aim: Robin, wielding a +5 vorpal trident, wearing a +0 animal skin and wearing a +0 helmet (poisoned, 67% to hit)
You throw a poisoned dart. The poisoned dart hits Robin.
Robin looks even sicker.
You block Robin's attack.
Throw: 4 darts (poison)
Press: ? - help, Shift-Dir - straight line, f/p - Robin
Aim: Robin, wielding a +5 vorpal trident, wearing a +0 animal skin and wearing a +0 helmet (lightly wounded, very poisoned, 67% to hit)
You throw a poisoned dart. The poisoned dart hits Robin.
Robin closely misses you.
You closely miss Robin. You block Robin's attack.
You hit Robin.
Robin hits you with a +5 vorpal trident! ๐Ÿ˜ฎ HP[-10]
You take 10 damage, and now have 14/24 hp.
MASSIVE DAMAGE!! (PAUSE)
You closely miss Robin.
Robin hits you with a +5 vorpal trident.
* * * LOW HITPOINT WARNING * * *
x2 ๐Ÿ˜ฑ HP[-8]
You take 8 damage, and now have 6/24 hp.
MASSIVE DAMAGE!! (PAUSE)
You hit Robin. ๐Ÿ˜จ HP[+1]
You hit Robin but do no damage.
Robin hits you with a +5 vorpal trident!
You die...

Skill      XL: |  1  2  3  4 |
---------------+-------------+-----
Stealth        | 1 2 3 |  3.4
Dodging        | 4 |  4.4
Short Blades   | 3 |  3.2
Fighting       | 3 |  3.0
Invocations    | |  1.7

Action                   |  1- 3 |  4- 6 || total
-------------------------+-------+-------++-------
Melee: Short sword       |    84 |       ||    84
       Dagger            |       |    22 ||    22
 Fire: Hand crossbow     |    40 |       ||    40
Throw: Dart              |     3 |     3 ||     6
  Use: Scroll            |     1 |       ||     1
 Stab: Sleeping          |     9 |     2 ||    11
       Distracted        |       |     1 ||     1
Armor: Robe              |     7 |       ||     7
Dodge: Dodged            |    56 |     8 ||    64
Block: Buckler           |    27 |     6 ||    33

Levels and vault maps discovered:
D:1:      lemuel_arrival_funnel, layout_basic, st_stairs_13
D:2:      layout_loops_ring, chequers_ecumenical_altar_twisty, uniq_robin,
          uniq_jessica
D:3:      minmay_bubble_buster, layout_basic,
          nzn_overflow_gifts_of_might_and_magic, mainiacjoe_overflow_chevrons

Notes
Turn   | Place    | Note
-------+----------+-------------------------------------------
     0 | Abyss:1  | spiderkeys the Spriggan Abyssal Knight began the quest for
                  | the Orb.
     0 | Abyss:1  | Reached XP level 1. HP: 11/11 MP: 3/3
     0 | Abyss:1  | magus.rc [v1.11.3]
     6 | Abyss:1  | Found a corrupted altar of Lugonu.
    13 | D:1      | You pass through the gate.
    13 | D:1      | Escaped the Abyss
    73 | D:1      | You pick up a book of Power and begin reading...
    73 | D:1      | You add the spells Iskenderun's Battlesphere, Iron Shot and
                  | Spellforged Servitor to your library.
   200 | D:1      | Reached skill level 1 in Stealth
   268 | D:1      | Reached XP level 2. HP: 11/16 MP: 4/4
   941 | D:1      | Reached skill level 2 in Stealth
   964 | D:1      | Reached XP level 3. HP: 19/19 MP: 5/5
  1275 | D:2      | Reached *** piety under Lugonu
  1375 | D:2      | Noticed Robin
  1412 | D:2      | Reached skill level 4 in Dodging
  1476 | D:2      | HP: 4/19 [Robin/+5 vorpal trident (8)]
  1985 | D:2      | Found a faded altar of an unknown god.
  2418 | D:2      | Noticed Jessica
  2424 | D:2      | Killed Jessica
  2425 | D:2      | Reached skill level 3 in Short Blades
  2425 | D:2      | Reached skill level 3 in Stealth
  2425 | D:2      | Reached XP level 4. HP: 20/23 MP: 6/6
  2506 | D:2      | Reached skill level 3 in Fighting
  2967 | D:2      | HP: 6/24 [Robin/+5 vorpal trident (2)]
  2969 | D:2      | Slain by Robin

Vanquished Creatures
  Jessica (D:2)
  2 adders (D:3)
  A worm (D:2)
  A dart slug (D:2)
  5 ball pythons
  5 endoplasms
  2 giant cockroaches (D:1)
  10 goblins
  8 hobgoblins
  7 kobolds
  2 quokkas
  6 bats
  3 frilled lizards
  3 rats
56 creatures vanquished.

Table legend:
 A = Non-vault XP
 B = Vault XP
 C = Vault XP percentage of total XP
 D = Non-vault monster count
 E = Vault monster count
 F = Vault count percentage of total count
                 A         B        C        D         E       F
            +---------+---------+-------+---------+---------+-------
      Total |     101 |      59 |  36.9 |      43 |      13 |  23.2
            +---------+---------+-------+---------+---------+-------
        D:1 |      47 |       1 |   2.1 |      27 |       1 |   3.6
        D:2 |      24 |      58 |  70.7 |      13 |      12 |  48.0
        D:3 |      30 |       0 |   0.0 |       3 |       0 |   0.0
            +---------+---------+-------+---------+---------+-------

Illustrated notes

Table legend:
 A = Kills in this place as a percentage of kills in entire the game.
 B = Kills by you in this place as a percentage of kills by you in the entire game.
 C = Kills by friends in this place as a percentage of kills by friends in the entire game.
 D = Other kills in this place as a percentage of other kills in the entire game.
 E = Experience gained in this place as a percentage of experience gained in the entire game.
 F = Experience gained in this place divided by the number of levels of this place that you have seen.
                   A       B       C       D       E      F
               +-------+-------+-------+-------+-------+----------------------
         Total | 100.0 | 100.0 |   N/A |   N/A | 100.0 |  40.0
       Dungeon | 100.0 | 100.0 |   N/A |   N/A | 100.0 |  53.3
               +-------+-------+-------+-------+-------+----------------------

Table legend: (Time is in decaauts)
 A = Elapsed time spent in this place.
 B = Non-inter-level travel time spent in this place.
 C = Inter-level travel time spent in this place.
 D = Time resting spent in this place.
 E = Time spent auto-exploring this place.
 F = Levels seen in this place.
 G = Mean time per level.
                   A        B        C        D        E       F      G
               +--------+--------+--------+--------+--------+-----+--------+
         Total |   2356 |   2305 |     51 |    250 |   1618 |   4 |  589.0 |
       Dungeon |   2348 |   2297 |     51 |    250 |   1615 |   3 |  782.7 |
         Abyss |      8 |      8 |      0 |      0 |      2 |   1 |    8.0 |
               +--------+--------+--------+--------+--------+-----+--------+

Top non-repeatable levels by time:
     D:2: 1159 daAuts
     D:1: 1111 daAuts
     D:3: 77 daAuts
 Abyss:1: 8 daAuts
